 Dungeon Crawl Stone Soup version 0.29-a0-334-gb41bcbb86e (webtiles) character file.

Game seed: 6059314440038760227

277 spaghetti the Magician (level 6, -15/52 HPs)
             Began as a Deep Dwarf Fire Elementalist on Apr 15, 2022.
             Killed from afar by Ijyb (29 damage)
             ... with a bolt of acid
             ... on level 3 of the Dungeon.
             The game lasted 00:05:51 (3527 turns).

spaghetti the Magician (DDFE)                       Turns: 3527, Time: 00:05:51

Health: -15/52     AC: -1    Str: 12    XL:     6   Next: 4%
Magic:  8/11       EV: 12    Int: 17    God:
Gold:   102        SH:  0    Dex: 13    Spells: 3/12 levels left

rFire   . . .      SeeInvis .   b - +0 hand axe {axe}
rCold   . . .      Faith    .   (no shield)
rNeg    . . .      Spirit   .   w - +0 robe
rPois   .          Reflect  .   o - +0 helmet
rElec   .          Harm     .   (no cloak)
rCorr   .          Rampage  .   (no gloves)
Will    .....                   (no boots)
Stlth   ++........              (no amulet)
HPRegen 0.00/turn               (no ring)
MPRegen 0.12/turn               (no ring)

@: corroded, attractive
A: damage resistance, heal wounds, sense surroundings 1, no regeneration
a: Heal Wounds


You were on level 3 of the Dungeon.
You visited 1 branch of the dungeon, and saw 3 of its levels.

You collected 102 gold pieces.


Innate Abilities, Weirdness & Mutations

You are resistant to damage.
You can heal yourself by infusing magical energy.
You passively map a small area around you.
You do not regenerate.


   Skills:
 + Level 2.2 Fighting
 - Level 2.1 Dodging
 - Level 2.4 Stealth
 + Level 3.5 Spellcasting
 - Level 2.0 Conjurations
 - Level 2.6 Fire Magic
 + Level 1.3 Air Magic
 + Level 1.5 Poison Magic


You had 3 spell levels left.
You knew the following spells:

 Your Spells              Type           Power      Damage    Failure   Level
a - Foxfire               Conj/Fire      40%        2x1d6     6%          1
b - Scorch                Fire           24%        2d6       9%          2
c - Inner Flame           Hex/Fire       7%         N/A       28%         3
d - Mephitic Cloud        Conj/Pois/Air  8%         N/A       26%         3

Your spell library contained the following spells:

 Spells                   Type           Power      Damage    Failure   Level
 Conjure Flame            Conj/Fire      10%        6-21      19%         3
 Ignite Poison            Fire/Tmut/Pois 7%         N/A       28%         3
 Flame Wave               Conj/Fire      10%        2d5       54%         4
 Freezing Cloud           Conj/Ice/Air   3%         6-21      96%         5

Inventory:

Hand Weapons
 a - a +0 hunting sling of freezing {sling}
   (You found it on level 3 of the Dungeon)
 b - a +0 hand axe (weapon) {axe}
   (You found it on level 1 of the Dungeon)
 g - a +0 dagger {short}
   (You took it off a goblin on level 1 of the Dungeon)
 h - a +0 hunting sling {sling}
   (You found it on level 1 of the Dungeon)
 j - a +0 mace {mace}
   (You found it on level 1 of the Dungeon)
 t - a +4 antimagic hand axe {axe}
   (You took it off an orc on level 2 of the Dungeon)
Missiles
 i - 2 boomerangs {throwing}
 l - 69 stones {throwing}
Armour
 o - a +0 helmet (worn)
   (You found it on level 2 of the Dungeon)
 w - a +0 robe (worn)
Wands
 v - a wand of polymorph (3)
   (You took it off Sigmund on level 2 of the Dungeon)
Scrolls
 d - 3 scrolls of identify {unknown}
 e - a scroll of acquirement {unknown}
 f - a scroll of noise {unknown}
 k - 2 scrolls of teleportation {unknown}
 n - a scroll of fear {unknown}
 p - a scroll of enchant armour {unknown}
 q - a scroll of immolation {unknown}
Potions
 c - 2 potions of haste {@q3}
 s - a potion of lignification {unknown}
 u - 2 potions of degeneration {unknown}
 x - a potion of cancellation {unknown}

Dungeon Overview and Level Annotations

Branches:
Dungeon (3/15)

Altars:

Annotations:
D:2 1 runed translucent door, Crazy Yiuf
D:3 Ijyb

..##.##.## #.#..)####..#
, .........#
#.#....)##..# *
..##.##).# #.#####.##...
, ..##.##..###..).โ€
....... ,
...................##...
,
.....##..#############.#
.... #..# #.# *
.....##g.#### #.#
......v@....# #.#
......vยงยง##.# #.# *
........##*,#* #.# ,
......... , , ..#
,,.....#..#* *### * ,
......... * * .........
* ........., * * *


You could see Ijyb (ally target).


Message History

Casting: Foxfire (safe; 6% risk of failure)
Confirm with . or Enter, or press ? or * to list all spells.
You miscast Foxfire.
You are very lightly contaminated with residual magic.
Nothing appears to happen.
The foxfire hits Ijyb. ๐Ÿ˜• MP[-1]
You lost 1 mp, and now have 3/11 mp.
Casting: Foxfire (safe; 6% risk of failure)
Confirm with . or Enter, or press ? or * to list all spells.
You conjure some foxfire!
The foxfire hits Ijyb. ๐Ÿ˜• MP[-1]
You lost 1 mp, and now have 2/11 mp.
Casting: Foxfire (safe; 6% risk of failure)
Confirm with . or Enter, or press ? or * to list all spells.
You conjure some foxfire!
The foxfire hits Ijyb but does no damage. x2 ๐Ÿ˜• MP[-1]
You lost 1 mp, and now have 1/11 mp.
Casting: Foxfire (safe; 6% risk of failure)
Confirm with . or Enter, or press ? or * to list all spells.
You miscast Foxfire.
Nothing appears to happen.
The foxfire hits Ijyb. ๐Ÿ˜• MP[-1]
You lost 1 mp, and now have 0/11 mp.
The foxfire hits Ijyb.
Okay, then.
Throw: 2 boomerangs {throwing}
Press: ? - help, Shift-Dir - straight line, f - Ijyb
Aim: Ijyb, wielding a +0 dagger, wearing a +0 leather armour and carrying a wand of acid (9) (heavily wounded, 50% to hit)
You throw a boomerang {throwing}. The boomerang {throwing} hits Ijyb.
Throw: 2 boomerangs {throwing}
Press: ? - help, Shift-Dir - straight line, f/p - Ijyb
Aim: Ijyb, wielding a +0 dagger, wearing a +0 leather armour and carrying a wand of acid (9) (heavily wounded, 50% to hit)
You throw a boomerang {throwing}.
The boomerang {throwing} barely misses Ijyb.
Throw: 2 boomerangs {throwing}
Press: ? - help, Shift-Dir - straight line, f/p - Ijyb
Aim: Ijyb, wielding a +0 dagger, wearing a +0 leather armour and carrying a wand of acid (9) (heavily wounded, 50% to hit)
You throw a boomerang {throwing}.
The boomerang {throwing} barely misses Ijyb.
Ijyb zaps a wand.
The bolt of acid hits you!!
* * * LOW HITPOINT WARNING * * *
The acid corrodes you! ๐Ÿ˜จ HP[-17] MP[+1]
You take 17 damage, and now have 24/52 hp.
MASSIVE DAMAGE!! (PAUSE)
Casting: Foxfire (safe; 6% risk of failure)
Confirm with . or Enter, or press ? or * to list all spells.
You conjure some foxfire!
Ijyb hits you with a +0 dagger!
* * * LOW HITPOINT WARNING * * *
๐Ÿ˜จ HP[-4] MP[-1]
You take 4 damage, and now have 20/52 hp.
You lost 1 mp, and now have 0/11 mp.
You hit Ijyb.
The foxfire hits Ijyb but does no damage. x2
Ijyb screams, "It's all mine!"
Ijyb misses you.
You hit Ijyb but do no damage. Ijyb hits you with a +0 dagger.
It was a potion of attraction.
You feel attractive to monsters. Ijyb hits you with a +0 dagger.
* * * LOW HITPOINT WARNING * * *
๐Ÿ˜จ HP[-1]
You take 1 damage, and now have 19/52 hp.
Magic courses through your body. Ijyb hits you with a +0 dagger.
* * * LOW HITPOINT WARNING * * *
Your magical contamination has completely faded away. ๐Ÿ˜จ HP[-2] MP[+11]
You take 2 damage, and now have 17/52 hp.
Your mp is fully restored (11).
Casting: Foxfire (safe; 6% risk of failure)
Confirm with . or Enter, or press ? or * to list all spells.
You conjure some foxfire!
Ijyb closely misses you. ๐Ÿ˜จ MP[-1]
You lost 1 mp, and now have 10/11 mp.
Casting: Foxfire (safe; 6% risk of failure)
Confirm with . or Enter, or press ? or * to list all spells.
You conjure some foxfire!
The foxfire hits Ijyb.
The foxfire hits Ijyb but does no damage.
Ijyb closely misses you. ๐Ÿ˜จ MP[-1]
You lost 1 mp, and now have 9/11 mp.
Casting: Foxfire (safe; 6% risk of failure)
Confirm with . or Enter, or press ? or * to list all spells.
You conjure some foxfire!
The foxfire hits Ijyb.
The foxfire hits Ijyb but does no damage.
Ijyb hits you with a +0 dagger.
* * * LOW HITPOINT WARNING * * *
๐Ÿ˜จ HP[-3]
You take 3 damage, and now have 14/52 hp.
Casting: Foxfire (safe; 6% risk of failure)
Confirm with . or Enter, or press ? or * to list all spells.
You conjure some foxfire!
The foxfire hits Ijyb but does no damage.
The foxfire hits Ijyb.
Ijyb zaps a wand.
The bolt of acid hits you!!
Ouch! That really hurt!
You die...

Skill      XL: |  1  2  3  4 |
---------------+-------------+-----
Spellcasting   | 2 3 |  3.5
Conjurations   | 1 2 |  2.0
Fighting       | 1 2 |  2.2
Air Magic      | 1 |  1.3
Poison Magic   | 1 |  1.5
Dodging        | |  2.1
Stealth        | |  2.4
Fire Magic     | |  2.6

Action                   |  1- 3 |  4- 6 || total
-------------------------+-------+-------++-------
Melee: Unarmed           |    13 |       ||    13
       Dagger            |     7 |    10 ||    17
       Hand axe          |       |     6 ||     6
       Punch             |       |     1 ||     1
 Fire: Hunting sling     |       |     2 ||     2
Throw: Boomerang         |     1 |     5 ||     6
 Cast: Foxfire           |   101 |    48 ||   149
       Scorch            |       |     3 ||     3
  Use: Potion            |     1 |     4 ||     5
Armor: Robe              |    13 |       ||    13
Dodge: Dodged            |    28 |    11 ||    39

Levels and vault maps discovered:
D:1:      ebering_hopf_link, layout_loops_cross,
          shapermc_ecumenical_altar_mp_highgroup
D:2:      layout_loops_corners, chequers_jeans, uniq_sigmund,
          uniq_crazy_yiuf_cottage
D:3:      layout_basic, mainiacjoe_overflow_alcove_1, uniq_ijyb, uniq_natasha

Notes
Turn   | Place    | Note
-------+----------+-------------------------------------------
     0 | D:1      | spaghetti the Deep Dwarf Fire Elementalist began the quest
                  | for the Orb.
     0 | D:1      | Reached XP level 1. HP: 15/15 MP: 3/3
     0 | D:1      | magus.rc [v1.9.6]
    19 | D:1      | Reached skill level 2 in Spellcasting
   381 | D:1      | Reached XP level 2. HP: 16/22 MP: 1/5
   942 | D:1      | Found a faded altar of an unknown god.
  1152 | D:1      | Reached skill level 3 in Spellcasting
  1233 | D:1      | Reached skill level 1 in Conjurations
  1236 | D:1      | Reached XP level 3. HP: 19/28 MP: 0/7
  1239 | D:1      | Learned a level 2 spell: Scorch
  1612 | D:2      | Learned a level 3 spell: Inner Flame
  1769 | D:2      | Reached skill level 2 in Conjurations
  2290 | D:2      | Reached skill level 1 in Fighting
  2290 | D:2      | Reached XP level 4. HP: 23/38 MP: 3/8
  2302 | D:2      | You add the spells Ignite Poison, Mephitic Cloud and
                  | Freezing Cloud to your library.
  2307 | D:2      | Learned a level 3 spell: Mephitic Cloud
  2560 | D:2      | Noticed Sigmund
  2569 | D:2      | Killed Sigmund
  2570 | D:2      | Reached skill level 2 in Fighting
  2570 | D:2      | Reached skill level 1 in Air Magic
  2570 | D:2      | Reached skill level 1 in Poison Magic
  2570 | D:2      | Reached XP level 5. HP: 22/45 MP: 2/10
  2879 | D:2      | Found a runed translucent door.
  2880 | D:2      | Noticed Crazy Yiuf
  3220 | D:3      | HP: 7/45 [worm (9)]
  3457 | D:3      | Reached XP level 6. HP: 41/52 MP: 6/11
  3509 | D:3      | Noticed Ijyb
  3527 | D:3      | Killed from afar by Ijyb

Vanquished Creatures
  Sigmund (D:2)
  6 adders
  A worm (D:3)
  A dart slug (D:1)
  2 orcs
  A bat (D:1)
  9 endoplasms
  3 giant cockroaches (D:1)
  5 goblins
  4 hobgoblins
  3 jackals (D:1)
  6 kobolds
  2 ball pythons
  3 frilled lizards
  A rat (D:2)
48 creatures vanquished.

Vanquished Creatures (collateral kills)
  A foxfire (D:2)
1 creature vanquished.

Vanquished Creatures (others)
  212 foxfires
  2 fungi (D:2)
214 creatures vanquished.

Grand Total: 263 creatures vanquished

Table legend:
 A = Non-vault XP
 B = Vault XP
 C = Vault XP percentage of total XP
 D = Non-vault monster count
 E = Vault monster count
 F = Vault count percentage of total count
                 A         B        C        D         E       F
            +---------+---------+-------+---------+---------+-------
      Total |     158 |     239 |  60.2 |      47 |       1 |   2.1
            +---------+---------+-------+---------+---------+-------
        D:1 |      44 |       0 |   0.0 |      23 |       0 |   0.0
        D:2 |      59 |     239 |  80.2 |      14 |       1 |   6.7
        D:3 |      55 |       0 |   0.0 |      10 |       0 |   0.0
            +---------+---------+-------+---------+---------+-------

Illustrated notes

Table legend:
 A = Kills in this place as a percentage of kills in entire the game.
 B = Kills by you in this place as a percentage of kills by you in the entire game.
 C = Kills by friends in this place as a percentage of kills by friends in the entire game.
 D = Other kills in this place as a percentage of other kills in the entire game.
 E = Experience gained in this place as a percentage of experience gained in the entire game.
 F = Experience gained in this place divided by the number of levels of this place that you have seen.
                   A       B       C       D       E      F
               +-------+-------+-------+-------+-------+----------------------
         Total | 100.0 | 100.0 |   N/A |   N/A | 100.0 | 132.3
       Dungeon | 100.0 | 100.0 |   N/A |   N/A | 100.0 | 132.3
               +-------+-------+-------+-------+-------+----------------------

Table legend: (Time is in decaauts)
 A = Elapsed time spent in this place.
 B = Non-inter-level travel time spent in this place.
 C = Inter-level travel time spent in this place.
 D = Time resting spent in this place.
 E = Time spent auto-exploring this place.
 F = Levels seen in this place.
 G = Mean time per level.
                   A        B        C        D        E       F      G
               +--------+--------+--------+--------+--------+-----+--------+
         Total |   3509 |   3332 |    177 |     24 |   2826 |   3 | 1169.7 |
       Dungeon |   3509 |   3332 |    177 |     24 |   2826 |   3 | 1169.7 |
               +--------+--------+--------+--------+--------+-----+--------+

Top non-repeatable levels by time:
     D:2: 1613 daAuts
     D:1: 1487 daAuts
     D:3: 408 daAuts
